 Dungeon Crawl Stone Soup version 0.31-a0-691-g409c26aa35 (webtiles) character file.

Game seed: 6714142745857245329

459 iamoutofideas the Cleaver (level 7, -1/60 HPs)
             Began as a Hill Orc Gladiator on Sept 7, 2023.
             Was an Initiate of Gozag.
             Succumbed to an orc wizard's poison
             ... on level 5 of the Dungeon.
             The game lasted 00:04:19 (3295 turns).

iamoutofideas the Cleaver (Hill Orc Gladiator)      Turns: 3295, Time: 00:04:20

Health: -1/60      AC:  7    Str: 19    XL:     7   Next: 6%
Magic:  7/7        EV: 11    Int:  8    God:    Gozag
Gold:   270        SH:  0    Dex: 12    Spells: 6/6 levels left

rFire   . . .        a - +0 war axe
rCold   + . .        (no shield)
rNeg    . . .        i - +0 ring mail
rPois   .            c - +0 helmet
rElec   .            (no cloak)
rCorr   +            (no gloves)
SInv    .            o - +0 pair of boots
Will    .....        (no amulet)
Stlth   +            s - ring of protection from cold
HPRegen 0.30/turn    x - ring of resist corrosion
MPRegen 0.10/turn

%: no passive effects
@: lethally poisoned (-1 -> -38)
A: no striking features
a: Renounce Religion, Potion Petition, Call Merchant, Bribe Branch


You were on level 5 of the Dungeon.
You worshipped Gozag.
Gozag was aware of your devotion.
You visited 2 branches of the dungeon, and saw 6 of its levels.

You collected 399 gold pieces.
You paid 129 gold pieces to Gozag.

Inventory:

Hand Weapons
 a - a +0 war axe (weapon)
Missiles
 d - 4 throwing nets (quivered)
 e - a javelin
Armour
 b - a +0 leather armour
 c - a +0 helmet (worn)
 i - a +0 ring mail (worn)
 o - a +0 pair of boots (worn)
Jewellery
 q - a ring of willpower
 s - a ring of protection from cold (left hand)
 x - a ring of resist corrosion (right hand)
Wands
 w - a wand of acid (5)
Scrolls
 g - 3 scrolls of fog {unknown}
 h - 5 scrolls of noise {unknown}
 k - 3 scrolls of identify {unknown}
 p - 2 scrolls of enchant armour {unknown}
 r - 2 scrolls of teleportation {unknown}
 u - a scroll of enchant weapon {unknown}
 v - 2 scrolls of torment {unknown}
 y - a scroll of blinking {unknown}
 z - a scroll of vulnerability {unknown}
 A - 3 scrolls of revelation {unknown}
Potions
 f - 2 potions of heal wounds
 j - 2 potions of mutation {unknown}
 l - 3 potions of curing {unknown}
 m - 2 potions of degeneration {unknown}
 n - a potion of enlightenment {unknown}
 t - a potion of attraction {unknown}


   Skills:
 + Level 4.5 Fighting
 + Level 9.3 Axes
 - Level 1.7 Throwing
 - Level 2.4 Dodging


You had 6 spell levels left.
You didn't know any spells.
Your spell library contained the following spells:

 Spells                   Type           Power      Damage    Failure   Level
 Necrotise                Necr           0%         1d4       58%         1
 Ensorcelled Hibernation  Hex/Ice        0%         N/A       75%         2
 Passwall                 Tmut/Erth      0%         N/A       75%         2
 Swiftness                Air            0%         N/A       92%         3
 Vampiric Draining        Necr           0%         2d6       92%         3
 Agony                    Necr           0%         N/A       100%        5


Dungeon Overview and Level Annotations

Branches:
Dungeon (5/15)             Temple (1/1) D:5

Altars:
Ashenzari
Cheibriados
Dithmenos
Elyvilon
Fedhas
Gozag
Hepliaklqana
Kikubaaqudgha
Makhleb
Nemelex Xobeh
Okawaru
Sif Muna
Trog
Uskayaw
Vehumet
Wu Jian
Xom
The Shining One

Shops:
D:2 (


Message History

You are more poisoned.
You are too injured to fight recklessly!
* * * LOW HITPOINT WARNING * * *
You feel very sick. Something hits you.
* * * LOW HITPOINT WARNING * * *
You are more poisoned.
You are too injured to fight recklessly!
There is a lethal amount of poison in your body!
You are too injured to fight recklessly!
There is a lethal amount of poison in your body!
You feel much better.
You feel very sick.
No target in view!
No target in view!
You closely miss something.
You hear a shout!
You feel very sick. Something hits you but does no damage.
You are more poisoned.
No target in view!
You barely miss something.
You feel extremely sick. Something hits you.
You are lethally poisoned!
You are too injured to fight recklessly!
You miss something.
* * * LOW HITPOINT WARNING * * *
You feel very sick. Something hits you.
* * * LOW HITPOINT WARNING * * *
You are more poisoned.
You miss something.
* * * LOW HITPOINT WARNING * * *
You feel extremely sick. Something hits you but does no damage.
You are more poisoned.
You barely miss something.
You die...
Your body crumbles into a pile of gold.

########### ##.....#....
##...........
#............
#######............
...................
#########.....$......
####.......>....@{......
#....########...$$......
#.#### ##.....#.... #.#
####### ### ..# .## .##
..... ####.


There were no monsters in sight!

Vanquished Creatures
  A water moccasin (D:4)
  3 orc priests
  Jessica (D:2)
  An orc wizard (D:4)
  A sleepcap (D:5)
  3 gnolls (D:4)
  5 adders
  A worm (D:3)
  6 dart slugs
  10 orcs
  6 endoplasms
  2 giant cockroaches
  5 goblins
  10 hobgoblins
  7 jackals
  2 kobolds
  3 quokkas
  10 ball pythons
  8 bats
  3 frilled lizards
  6 rats
94 creatures vanquished.

Notes
Turn   | Place    | Note
-------+----------+-------------------------------------------
     0 | D:1      | iamoutofideas the Hill Orc Gladiator began the quest for
                  | the Orb.
     0 | D:1      | Reached XP level 1. HP: 18/18 MP: 1/1
   188 | D:1      | Reached XP level 2. HP: 25/25 MP: 2/2
   440 | D:1      | Reached skill level 5 in Axes
   528 | D:1      | Reached XP level 3. HP: 28/30 MP: 3/3
   864 | D:2      | Noticed Jessica
   872 | D:2      | Killed Jessica
   873 | D:2      | Reached skill level 6 in Axes
   873 | D:2      | Reached XP level 4. HP: 38/38 MP: 4/4
  1213 | D:2      | Found Rienwoma's Weapon Shoppe.
  1321 | D:3      | Found a shimmering altar of Xom.
  1321 | D:3      | Found a shimmering altar of Xom.
  1322 | D:3      | Found a shimmering altar of Xom.
  1322 | D:3      | Found a shimmering altar of Xom.
  1322 | D:3      | Found a shimmering altar of Xom.
  1323 | D:3      | Found a shimmering altar of Xom.
  1323 | D:3      | Found a shimmering altar of Xom.
  1743 | D:3      | Reached XP level 5. HP: 44/45 MP: 5/5
  1935 | D:4      | Reached skill level 7 in Axes
  2033 | D:4      | Found a burning altar of Makhleb.
  2482 | D:4      | Found a snail-covered altar of Cheibriados.
  2881 | D:5      | Entered Level 5 of the Dungeon
  2883 | D:5      | Noticed a water moccasin
  2904 | D:4      | Reached XP level 6. HP: 30/52 MP: 6/6
  2907 | D:4      | Killed a water moccasin
  2908 | D:4      | Reached skill level 8 in Axes
  3114 | D:5      | Found a staircase to the Ecumenical Temple.
  3126 | Temple   | Entered the Ecumenical Temple
  3135 | Temple   | Became a worshipper of Gozag Ym Sagoz the Greedy
  3189 | D:5      | Reached skill level 9 in Axes
  3284 | D:5      | Reached XP level 7. HP: 28/60 MP: 7/7
  3295 | D:5      | Succumbed to an orc wizard's poison

Illustrated notes

Levels and vault maps discovered:
D:1:      lightli_arrival_lavapool, layout_basic, dreamdust_wishing_well,
          nrook_mini_backslash, minmay_cupped
D:2:      layout_rooms, serial_shops, shop, uniq_jessica
D:3:      layout_basic, xom_redecorated, minmay_checkerbox
D:4:      minmay_wonky_spiral, layout_loops_ring, mainiacjoe_overflow_24_doors,
          old_standard_altar, grunt_ministairs_6, minivault_1,
          kennysheep_big_empty_room
D:5:      layout_rooms, minmay_temple_entry_ruins,
          chequers_serial_rivers_micro_d, kennysheep_donut
Temple:   nicolae_temple_no_exploring_needed

Skill      XL: |  1  2  3  4  5  6 |
---------------+-------------------+-----
Axes           | 5 6 7 9 |  9.3
Fighting       | 3 4 |  4.5
Throwing       | |  1.7
Dodging        | |  2.4

Action                     |  1- 3 |  4- 6 |  7- 9 || total
---------------------------+-------+-------+-------++-------
  Melee: War axe           |    86 |   179 |     5 ||   270
         Punch             |       |     2 |       ||     2
    Use: Potion            |       |     1 |     1 ||     2
 Armour: Leather armour    |    11 |       |       ||    11
         Ring mail         |    30 |   129 |    10 ||   169
  Dodge: Dodged            |    64 |   102 |       ||   166

Table legend: (Time is in decaauts)
 A = Elapsed time spent in this place.
 B = Non-inter-level travel time spent in this place.
 C = Inter-level travel time spent in this place.
 D = Time resting spent in this place.
 E = Time spent auto-exploring this place.
 F = Levels seen in this place.
 G = Mean time per level.
                   A        B        C        D        E       F      G
               +--------+--------+--------+--------+--------+-----+--------+
         Total |   3343 |   3159 |    184 |     99 |   2421 |   6 |  557.2 |
       Dungeon |   3326 |   3156 |    170 |     99 |   2419 |   5 |  665.2 |
        Temple |     16 |      3 |     13 |      0 |      2 |   1 |   16.0 |
               +--------+--------+--------+--------+--------+-----+--------+

Top non-repeatable levels by time:
     D:4: 1095 daAuts
     D:1: 777 daAuts
     D:3: 649 daAuts
     D:2: 536 daAuts
     D:5: 268 daAuts
  Temple: 16 daAuts
